AoeStats
← Spookball

Arabia

510056196Analyzed
1v1 RM · 4d ago on Sep 29, 2026· 17m 6s· 2 players
Game mode
Random Map
Map size
Tiny (2 player)
Population
200
Speed
Normal
Resources
Standard
Victory
Conquest
Starting age
Dark Age
Ending age
Imperial Age
RankedLock teamsTeams togetherTeam positionsShared explorationLock speedFull tech treeHidden civsTurbo modeCheats
Victory
Defeat
🇦🇺 Persians · Australia
364
+20
🇬🇧 Franks · United Kingdom
444
-20
Spookball
5:04 Loom
11:01 Feudal Age
LaBrioche41
8:52 Loom
13:35 Feudal Age
13:59 Double-Bit Axe
14:08 Stone Mining
14:11 Gold Mining
14:04 Horse Collar
Connection lost

Rejoining the realm…

Still unreachable

The connection could not be restored.

Session expired

The server has moved on; the page needs a fresh start.